 Dungeon Crawl Stone Soup version 0.23.2-40-g277498a001 (webtiles) character file.

Game seed: 15599940475302930686

101 Frank2 the Chopper (level 4, -14/36 HPs)
             Began as a Demigod Gladiator on Sept 6, 2019.
             Demolished by an orc warrior
             ... wielding a +0 scimitar
              (15 damage)
             ... on level 3 of the Dungeon.
             The game lasted 00:02:23 (2355 turns).

Frank2 the Chopper (Demigod Gladiator)              Turns: 2355, Time: 00:02:24

Health: -14/36     AC:  8    Str: 17    XL:     4   Next: 24%
Magic:  6/6        EV: 11    Int: 12    God:
Gold:   127        SH:  0    Dex: 19    Spells: 3/3 levels left

rFire    . . .     SeeInvis .   a - +0 war axe
rCold    . . .     Gourm    .   (no shield)
rNeg     . . .     Faith    .   m - +0 scale mail
rPois    .         Spirit   .   c - +1 helmet
rElec    .         Reflect  .   (no cloak)
rCorr    .         Harm     .   (no gloves)
MR       .....                  (no boots)
Stlth    ..........             (no amulet)
HPRegen  0.12/turn              (no ring)
MPRegen  0.10/turn              (no ring)

@: about to teleport
A: high mp 1
a: no special abilities


You were on level 3 of the Dungeon.
You were not hungry.

You visited 1 branch of the dungeon, and saw 3 of its levels.

You collected 127 gold pieces.

Inventory:

Hand Weapons
 a - a +0 war axe (weapon)
Missiles
 d - 3 throwing nets (quivered)
Armour
 c - a +1 helmet (worn)
 m - a +0 scale mail (worn)
Jewellery
 l - an uncursed ring of flight {unknown}
Wands
 b - a wand of polymorph (7)
 e - a wand of clouds (2)
Scrolls
 h - a scroll of magic mapping {unknown}
 i - a scroll of remove curse {unknown}
Potions
 g - a potion of lignification
 j - 2 potions of degeneration {unknown}
 k - a potion of curing {unknown}
Comestibles
 f - 10 rations


   Skills:
 + Level 2.2 Fighting
 + Level 3.6 Axes
 - Level 1.7 Throwing
 * Level 1.9 Armour
 + Level 3.2 Dodging


You had 3 spell levels left.
You didn't know any spells.
Your spell library was empty.

Dungeon Overview and Level Annotations

Branches:
Dungeon (3/15)


Innate Abilities, Weirdness & Mutations

You have an increased reservoir of magic. (+10% MP)


Message History

The orc priest shouts!
Unknown command.
You closely miss the orc priest. You hit the worm. You slash the orc warrior!
The orc priest hits you but does no damage.
The orc warrior barely misses you. The worm closely misses you.
The orc priest mumbles some strange prayers to Beogh against you.
Pain shoots through your body!
* * * LOW HITPOINT WARNING * * *
Unknown command.
You closely miss the orc priest. You slash the worm!
You kill the worm!
You hit the orc warrior.
The orc warrior hits you with a +0 scimitar!
* * * LOW HITPOINT WARNING * * *
The orc priest calls upon Beogh to heal the orc warrior.
The orc warrior is healed somewhat.
As you read the scroll of teleportation, it crumbles to dust.
You feel strangely unstable.
The orc warrior hits you with a +0 scimitar!
You die...

.# #.#### .# ##.# #.....
.# #..# ###### .# ######
#..### (# #....# #..##
#### .# #.##.####..# #...
.# #.##.#.....# . #...
.###.##.##....###+###..?.
#...
.....##.##......@o..o....
#...
#######........†#o#.##...
#... ######.#...!....
#... ...#.......... #...
######........>. #...
.....#+#### #... #......
#... #.##.## ####


You could see an orc warrior and 2 orc priests.

Vanquished Creatures
  An adder (D:2)
  3 gnolls (D:2)
  3 worms
  A dart slug (D:2)
  2 leopard geckos
  An orc (D:3)
  5 bats
  A giant cockroach (D:1)
  6 goblins
  4 hobgoblins
  2 jackals (D:1)
  4 quokkas (D:2)
  6 frilled lizards
  6 kobolds
  4 rats
49 creatures vanquished.

Notes
Turn   | Place    | Note
-------+----------+-------------------------------------------
     0 | D:1      | Frank2 the Demigod Gladiator began the quest for the Orb.
     0 | D:1      | Reached XP level 1. HP: 17/17 MP: 3/3
   361 | D:1      | Reached XP level 2. HP: 17/24 MP: 4/4
  1158 | D:2      | Reached skill level 1 in Armour
  1206 | D:2      | Reached XP level 3. HP: 25/29 MP: 5/5
  1783 | D:2      | Reached XP level 4. HP: 16/36 MP: 6/6
  2345 | D:3      | Noticed an orc warrior
  2354 | D:3      | HP: 1/36 [orc warrior/+0 scimitar (8)]
  2355 | D:3      | Demolished by an orc warrior

Skill      XL: |  1  2 |
---------------+-------+-----
Dodging        | 3 |  3.2
Axes           | 3 |  3.6
Fighting       | 2 |  2.2
Armour         | 1 |  1.9
Throwing       | |  1.7

Action                   |  1- 3 |  4- 6 || total
-------------------------+-------+-------++-------
Melee: War axe           |   130 |    33 ||   163
  Use: Scroll            |     3 |     4 ||     7
 Stab: Sleeping          |     1 |       ||     1
  Eat: Chunk             |     1 |       ||     1
       Ration            |       |     1 ||     1
Armor: Leather armour    |    45 |     2 ||    47
       Scale mail        |       |     7 ||     7
Dodge: Dodged            |   111 |    27 ||   138
